 Dungeon Crawl Stone Soup version 0.13.1-28-g3517093 (webtiles) character file.

21141 CrazyArbalest the Quickloader (level 12, -5/82 (84) HPs)
             Began as a Demonspawn Hunter on Mar 17, 2014.
             Was a High Priest of Okawaru.
             Slain by a seven-headed hydra (6 damage)
             ... on Level 2 of the Lair of Beasts on Mar 18, 2014.
             The game lasted 02:56:35 (15982 turns).

CrazyArbalest the Quickloader (Demonspawn Hunter)  Turns: 15982, Time: 02:56:35

HP  -5/82 (84)   AC 11     Str 15      XL: 12   Next: 44%
MP   0/20        EV 22     Int 14      God: Okawaru [*****.]
Gold 780         SH  0     Dex 15      Spells:  0 memorised, 11 levels left

Res.Fire  : . . .   See Invis. : .   b - +1 crossbow
Res.Cold  : + . .   Warding    : .   U - +4 troll leather armour
Life Prot.: . . .   Conserve   : .   (no shield)
Res.Poison: +       Res.Corr.  : .   (no helmet)
Res.Elec. : .       Clarity    : .   l - +0 cloak
Sust.Abil.: . .     Spirit.Shd : +   (no gloves)
Res.Mut.  : +       Stasis     : .   (no boots)
Res.Rott. : .       Flight     : .   R - amulet of resist mutation
Saprovore : . . .                    K - ring of poison resistance
                                     H - ring of protection from cold

@: very slightly contaminated, heroism, somewhat resistant to hostile
enchantments, very stealthy
A: talons 2, powered by death 2, magic shield, magic regeneration, EV +2
a: Heroism, Finesse, Renounce Religion


You were on level 2 of the Lair of Beasts.
You worshipped Okawaru.
Okawaru was extremely pleased with you.
You were hungry.

You visited 3 branches of the dungeon, and saw 15 of its levels.
You also visited: Ossuary.

You collected 760 gold pieces.

Inventory:

Hand weapons
 a - a +2,+4 orcish morningstar
 b - a +1,+1 crossbow (weapon)
 n - the +6,+7 captain's cutlass {speed}
   (You found it on level 8 of the Dungeon)

   Attacks with this weapon take half as long, but cause slightly less damage.
Missiles
 d - 11 bolts of frost (quivered)
 r - 26 poisoned bolts
 z - 33 bolts of penetration
 N - 20 steel bolts
 Z - 25 silver bolts
Armour
 l - a +0 cloak (worn)
 x - a +3 ring mail of fire resistance
 J - a +2 robe of fire resistance
 U - a +4 troll leather armour (worn)
Magical devices
 h - a wand of paralysis (8) {unknown}
 j - a wand of random effects (16) {unknown}
 D - a wand of frost (5) {unknown}
 M - a wand of teleportation (6) {unknown}
Comestibles
 f - 4 bread rations
 t - 6 meat rations
 C - 2 pears
Scrolls
 g - a scroll of magic mapping
 w - a scroll of blinking
 y - 4 scrolls of remove curse
Jewellery
 s - an uncursed amulet of stasis
 H - a ring of protection from cold (left hand)
 K - a ring of poison resistance (right hand)
 R - an amulet of resist mutation (around neck)
Potions
 i - 3 potions of brilliance
 k - 2 potions of heal wounds
 o - 3 potions of speed
 p - 2 potions of restore abilities {unknown}
 u - 2 potions of might {unknown}
 B - 13 potions of curing
 F - 2 potions of slowing {unknown}
 G - a potion of agility {unknown}
 I - 3 potions of flight {unknown}
 L - a potion of invisibility {unknown}
 S - 2 potions of confusion {unknown}
 Y - a potion of poison {unknown}
Books
 c - a book of Air

   Spells                             Type                      Level
   Shock                              Conjuration/Air              1
   Swiftness                          Charms/Air                   2
   Repel Missiles                     Charms/Air                   2
   Flight                             Charms/Air                   3
   Static Discharge                   Conjuration/Air              3
   Lightning Bolt                     Conjuration/Air              5


   Skills:
 + Level 5.3(10.3) Fighting
 + Level 0.1(5.1) Short Blades
 * Level 9.6(14.6) Maces & Flails
 + Level 11.9(16.9) Crossbows
 + Level 6.0(11.0) Armour
 + Level 8.3(13.3) Dodging
 + Level 2.8(7.8) Stealth
 + Level 5.0 Invocations


You had 11 spell levels left.
You didn't know any spells.

Dungeon Overview and Level Annotations

Branches:
Dungeon (12/27)            Temple (1/1) D:4             Orc (0/4) D:8
   Lair (2/8) D:12

Altars:
Ashenzari
Cheibriados
Elyvilon
Fedhas
Kikubaaqudgha
Makhleb
Nemelex Xobeh
Okawaru
Sif Muna
Trog
Vehumet
Xom
Yredelemnul
Zin
the Shining One

Annotations:
D:8 Erolcha
D:12 BoredOne's ghost, powerful GrBe


Innate Abilities, Weirdness & Mutations

You have razor-sharp toenails.
You are surrounded by a mild repulsion field (EV +2).
You can steal the life force of defeated enemies.
When hurt, damage is shared between your health and your magic reserves.
You regenerate magic rapidly.


Message History

Aim: a seven-headed hydra (severely wounded)
You shoot a bolt of frost.
The bolt of frost hits the seven-headed hydra.
The seven-headed hydra is almost dead.
The jackal completely misses you.
Firing (i - inventory. (,) - cycle):
d - 12 bolts of frost (quivered)
Press: ? - help, Shift-Dir - straight line, f/p - seven-headed hydra
Aim: a seven-headed hydra (almost dead)
You shoot a bolt of frost.
The bolt of frost hits the seven-headed hydra.
The seven-headed hydra is almost dead.
The jackal completely misses you. The seven-headed hydra bites you!
* * * LOW HITPOINT WARNING * * *
The seven-headed hydra bites you!
* * * LOW HITPOINT WARNING * * *
The seven-headed hydra bites you.
* * * LOW HITPOINT WARNING * * *
The seven-headed hydra bites you but does no damage.
The seven-headed hydra bites you.
You die...

(..f ###### #..#### ###...(.
#(.##.###### ####.......
#(.#.....#.# #..........
#(..#.....## #........
#..#.......# #........
#.........## #P...%...
####).##.....## ##....)#.#
#h(((.(.(.h@.?# #....##.##
.......####....D...#####..#.####
..... #####...#.##...#### ...%
###......### ... ##....#..# .
#......### # ##......##### #
###...........# #.
#.#.........#.### #.


You could see a seven-headed hydra and a jackal.

Vanquished Creatures
  An ettin (D:11)
  2 hydras
  Erica (Lair:2)
  A centaur warrior (D:11)
  2 hill giants
  Joseph (D:7)
  A black mamba (Lair:2)
  A hydra zombie (D:12)
  2 trolls
  3 guardian mummies (Ossuary)
  Grinder (D:4)
  A two-headed ogre (D:9)
  A komodo dragon (D:11)
  A hydra skeleton (D:12)
  8 slime creatures (D:12)
  A basilisk (Lair:2)
  18 yaks
  A trapdoor spider (D:12)
  5 ugly things (D:12)
  Grum (D:8)
  2 wyverns (D:11)
  A hippogriff (D:9)
  4 wolves (D:8)
  2 necrophages
  5 orc warriors
  5 sky beasts
  A porcupine (Lair:2)
  2 phantoms
  2 ogres
  3 big kobolds
  4 crocodiles (Lair:1)
  8 centaurs
  2 giant slugs (Lair:1)
  Blork the orc (D:5)
  3 water moccasins (Lair:1)
  3 gnoll sergeants
  An agate snail (Lair:2)
  A wyvern skeleton (D:8)
  9 giant frogs
  A troll zombie (D:12)
  8 wights
  4 killer bees (D:9)
  A goliath beetle (D:10)
  8 hounds
  A giant frog zombie (D:12)
  A centaur zombie (Ossuary)
  A jelly (D:5)
  4 orc priests
  9 crimson imps
  7 iguanas
  2 centaur skeletons
  13 orc wizards
  5 worker ants
  2 scorpions
  8 sheep (Lair:2)
  2 mummies
  13 adders
  A giant centipede (Lair:1)
  21 gnolls
  6 green rats (Lair:1)
  A giant mite (D:2)
  An inept feature mimic (D:6)
  2 worms
  2 adder zombies
  An iguana zombie (D:5)
  3 giant eyeballs
  7 giant geckos
  An ooze (D:5)
  29 orcs
  6 giant cockroaches
  36 goblins
  45 hobgoblins
  12 jackals
  13 kobolds
  7 quokkas
  4 ball pythons
  3 ball python skeletons (Ossuary)
  15 bats
  6 giant newts
  A giant newt skeleton (D:4)
  2 hobgoblin skeletons (Ossuary)
  3 hobgoblin zombies
  A jackal zombie (D:5)
  An orc skeleton (D:4)
  24 rats
456 creatures vanquished.

Vanquished Creatures (others)
  A hobgoblin (D:7)
  2 jackals
3 creatures vanquished.

Grand Total: 459 creatures vanquished

Notes
Turn   | Place    | Note
--------------------------------------------------------------
     0 | D:1      | CrazyArbalest, the Demonspawn Hunter, began the quest for the Orb.
     0 | D:1      | Reached XP level 1. HP: 16/16 MP: 0/0
    76 | D:1      | Reached skill level 4 in Crossbows
    96 | D:1      | Gained mutation: You can steal the life force of nearby defeated enemies. [demonic ancestry]
    96 | D:1      | Reached XP level 2. HP: 22/22 MP: 1/1
   827 | D:1      | Gained mutation: You have sharp toenails. [demonic ancestry]
   827 | D:1      | Reached XP level 3. HP: 14/27 MP: 2/2
  1260 | D:2      | Gained mutation: When hurt, damage is shared between your health and your magic reserves. [demonic ancestry]
  1260 | D:2      | Reached XP level 4. HP: 31/33 MP: 3/3
  1891 | D:2      | Reached skill level 1 in Armour
  2455 | D:3      | Noticed a centaur
  2470 | D:3      | Killed a centaur
  2470 | D:3      | Reached skill level 1 in Maces & Flails
  2470 | D:3      | Reached skill level 1 in Stealth
  2470 | D:3      | Reached XP level 5. HP: 27/38 MP: 2/4
  3260 | D:4      | Found a staircase to the Ecumenical Temple.
  3270 | Temple   | Entered the Ecumenical Temple
  3397 | Temple   | Became a worshipper of Warmaster Okawaru
  3553 | D:4      | Noticed Grinder
  3568 | D:4      | Killed Grinder
  3568 | D:4      | Reached skill level 5 in Crossbows
  3568 | D:4      | Reached XP level 6. HP: 40/45 MP: 3/5
  3707 | D:4      | Noticed a phantom
  3717 | D:4      | Killed a phantom
  3717 | D:4      | Gained mutation: You have razor-sharp toenails. [demonic ancestry]
  3717 | D:4      | Reached XP level 7. HP: 47/50 MP: 6/6
  3763 | D:4      | Paralysed by a giant eyeball for 2 turns
  4200 | D:4      | Acquired Okawaru's first power
  4424 | D:4      | Reached skill level 6 in Crossbows
  4776 | D:5      | Entered Level 5 of the Dungeon
  4841 | D:5      | Gained mutation: You can steal the life force of defeated enemies. [demonic ancestry]
  4841 | D:5      | Reached XP level 8. HP: 25/56 MP: 5/7
  5009 | D:5      | Paralysed by a giant eyeball for 4 turns
  5015 | D:5      | Paralysed by a giant eyeball for 4 turns
  5160 | D:5      | Noticed Blork the orc
  5164 | D:5      | Killed Blork the orc
  5550 | D:5      | Found a glowing golden altar of the Shining One.
  5551 | D:5      | Found a burning altar of Makhleb.
  6141 | D:6      | Reached skill level 7 in Crossbows
  6354 | D:6      | Reached skill level 5 in Dodging
  6485 | D:6      | Gained mutation: You are surrounded by a mild repulsion field (EV +2). [demonic ancestry]
  6485 | D:6      | Reached XP level 9. HP: 40/61 MP: 5/8
  6959 | D:7      | Paralysed by a giant eyeball for 2 turns
  6998 | D:7      | Found a white marble altar of Elyvilon.
  7262 | D:7      | Found a sand-covered staircase.
  7315 | Ossuary  | Entered an ossuary
  7386 | Ossuary  | Reached skill level 5 in Maces & Flails
  8250 | D:7      | Noticed Joseph
  8279 | D:7      | Killed Joseph
  8279 | D:7      | Reached skill level 8 in Crossbows
  8279 | D:7      | Reached skill level 1 in Invocations
  8696 | D:8      | Noticed Erolcha
  8883 | D:8      | Noticed Grum
  8895 | D:8      | Killed Grum
  8895 | D:8      | Reached skill level 5 in Armour
  8897 | D:8      | Gained mutation: You regenerate magic rapidly. [demonic ancestry]
  8897 | D:8      | Reached XP level 10. HP: 52/68 MP: 9/12
  9232 | D:8      | Found a staircase to the Orcish Mines.
 10030 | D:9      | Acquired Okawaru's second power
 10242 | D:10     | Entered Level 10 of the Dungeon
 10247 | D:10     | Reached skill level 9 in Crossbows
 10642 | D:10     | Got a crude leather armour
 10714 | D:10     | Received a gift from Okawaru
 10788 | D:10     | Noticed a hill giant
 10836 | D:9      | Identified the cursed -4 leather armour "Poqirinu" {Str+3 Dex-4} (You found it on level 10 of the Dungeon)
 10986 | D:10     | Received a gift from Okawaru
 11130 | D:10     | Killed a hill giant
 11130 | D:10     | Reached skill level 10 in Crossbows
 11130 | D:10     | Reached XP level 11. HP: 56/74 MP: 9/14
 11595 | D:11     | Received a gift from Okawaru
 11822 | D:11     | Noticed a centaur warrior
 11822 | D:11     | Noticed an eight-headed hydra
 12254 | D:11     | Noticed a hill giant
 12289 | D:11     | Killed a hill giant
 12301 | D:11     | Received a gift from Okawaru
 12341 | D:11     | Killed a centaur warrior
 12408 | D:11     | Received a gift from Okawaru
 12506 | D:11     | Killed an eight-headed hydra
 12615 | D:11     | Found an ancient bone altar of Kikubaaqudgha.
 12615 | D:11     | Noticed an ettin
 12623 | D:11     | Noticed a tengu reaver
 12722 | D:11     | Killed an ettin
 12722 | D:11     | Received a gift from Okawaru
 12759 | D:11     | Found a bloodstained altar of Trog.
 13162 | D:12     | Reached skill level 11 in Crossbows
 13392 | D:12     | Noticed BoredOne's ghost (powerful GrBe)
 13475 | D:12     | Received a gift from Okawaru
 13801 | D:12     | Received a gift from Okawaru
 13815 | D:12     | Reached XP level 12. HP: 79/82 MP: 15/18
 13996 | D:12     | Received a gift from Okawaru
 14005 | D:12     | Found a glowing silver altar of Zin.
 14217 | D:12     | Found a staircase to the Lair.
 14433 | Lair:1   | Entered Level 1 of the Lair of Beasts
 14488 | Lair:1   | Found a glowing silver altar of Zin.
 14532 | Lair:1   | Received a gift from Okawaru
 14532 | Lair:1   | Reached skill level 5 in Fighting
 14837 | Lair:1   | Noticed a four-headed hydra
 14870 | Lair:1   | Killed a four-headed hydra
 15205 | Lair:1   | You fall through a shaft!
 15248 | Lair:2   | Received a gift from Okawaru
 15488 | Lair:1   | Reached skill level 5 in Invocations
 15941 | Lair:2   | Noticed Erica
 15968 | Lair:2   | Noticed a seven-headed hydra
 15971 | Lair:2   | Killed Erica
 15982 | Lair:2   | HP: 4/82 [seven-headed hydra (12)]
 15982 | Lair:2   | HP: 1/82 [seven-headed hydra (3)]
 15982 | Lair:2   | Slain by a seven-headed hydra

Action                   |  1- 3 |  4- 6 |  7- 9 | 10-12 || total
-------------------------+-------+-------+-------+-------++-------
Melee: Short sword       |   123 |       |       |       ||   123
       Mace              |     3 |    97 |     1 |    53 ||   154
       Morningstar       |       |       |   268 |   391 ||   659
 Fire: Crossbow          |    25 |    41 |   247 |   483 ||   796
Invok: Heroism           |       |       |     7 |    21 ||    28
Evoke: Wand              |       |       |     1 |       ||     1
  Use: Potion            |       |       |     6 |     2 ||     8
       Scroll            |       |       |     8 |    25 ||    33
 Stab: Sleeping          |       |       |     2 |     2 ||     4
